 Dungeon Crawl Stone Soup version 0.30-a0-374-g95c0257040 (webtiles) character file.

Game seed: 15179307181792995046

224 schternos the Grave Robber (level 5, -5/41 HPs)
             Began as a Mummy Necromancer on Nov 25, 2022.
             Shot with an arrow by a centaur (14 damage)
             ... on level 5 of the Dungeon.
             The game lasted 00:18:45 (3218 turns).

schternos the Grave Robber (Mummy Necromancer)      Turns: 3218, Time: 00:18:45

Health: -5/41      AC:  3    Str: 12    XL:     5   Next: 67%
Magic:  8/9        EV: 12    Int: 16    God:
Gold:   212        SH:  0    Dex: 12    Spells: 9/10 levels left

rFire   x . .      SeeInvis .    c - +0 hand axe (vamp)
rCold   + . .      Faith    +    (no shield)
rNeg    + + +      Spirit   .    a - +0 robe
rPois   ∞          Reflect  .    (no helmet)
rElec   .          Harm     .    (no cloak)
rCorr   .          Rampage  .    b - +0 pair of gloves
Will    .....                    (no boots)
Stlth   ++........               (no amulet)
HPRegen 0.26/turn                (no ring)
MPRegen 0.11/turn                (no ring)

@: about to teleport, very slightly contaminated
A: cold resistance 1, negative energy resistance 3, torment resistance 2, heat
vulnerability 1, in touch with death 1, no potions, faith
a: no special abilities


You were on level 5 of the Dungeon.
You visited 1 branch of the dungeon, and saw 5 of its levels.

You collected 212 gold pieces.

Inventory:

Hand Weapons
 c - a +0 vampiric hand axe (weapon)
 e - a +0 arbalest
Armour
 a - a +0 robe (worn)
 b - a +0 pair of gloves (worn)
 d - the +9 ring mail of the Twelve Interlopers {Rampage rF++ Stlth-}
   (You found it on level 3 of the Dungeon)

   rF:        It greatly protects you from fire.
   Rampage:   It bestows one free step when moving towards enemies.
   Stlth:     It makes you less stealthy.
Scrolls
 h - a scroll of identify


   Skills:
 + Level 3.4 Fighting
 * Level 2.6 Armour
 - Level 1.5 Dodging
 - Level 1.5 Stealth
 - Level 3.2 Spellcasting
 + Level 4.5 Necromancy


You had 9 spell levels left.
You knew the following spells:

 Your Spells              Type           Power      Damage    Failure   Level
a - Necrotise             Necr           100%       1d9       3%          1

Your spell library contained the following spells:

 Spells                   Type           Power      Damage    Failure   Level
 Vampiric Draining        Necr           25%        2d7       9%          3
 Animate Dead             Necr           25%        N/A       28%         4
 Call Canine Familiar     Summ           2%         N/A       50%         3
 Portal Projectile        Hex/Tloc       4%         N/A       50%         3
 Agony                    Necr           25%        N/A       63%         5
 Leda's Liquefaction      Hex/Erth       1%         N/A       88%         4
 Petrify                  Tmut/Erth      2%         N/A       88%         4
 Irradiate                Conj/Tmut      1%         3d12      99%         5
 Sublimation of Blood     Necr           Unusable   N/A       N/A         2
 Beastly Appendage        Tmut           Unusable   N/A       N/A         1
 Wereblood                Tmut           Unusable   N/A       N/A         2
 Spider Form              Tmut/Pois      Unusable   N/A       N/A         3

Dungeon Overview and Level Annotations

Branches:
Dungeon (5/15)
 Temple: D:4-7

Altars:
Yredelemnul


Innate Abilities, Weirdness & Mutations

You are immune to poison.
Your flesh is cold resistant. (rC+)
You are immune to negative energy. (rN+++)
You are immune to unholy pain and torment.
You are vulnerable to heat. (rF-)
You are in touch with the powers of death.
You do not drink.
You have a special connection with the divine. (Faith)


Message History

The white imp gestures at you. The puff of frost hits you. You resist.
You hit the white imp but do no damage.
The white imp is heavily wounded.
The white imp misses you.
You hit the white imp.
The white imp is almost dead.
The white imp hits you. The white imp freezes you. You resist.
The white imp barely misses you. The white imp gestures at you.
The puff of frost hits you. You resist. The white imp gestures at you.
The puff of frost hits you. You resist. The white imp gestures at you.
The puff of frost misses you.
There is an open door here.
As you read the scroll of teleportation, it crumbles to dust.
You feel strangely unstable.
Casting: Necrotise (safe; 3% risk of failure)
Confirm with . or Enter, or press ? or * to list all spells.
Aiming: Necrotise (safe; 3% risk of failure)
Press: ? - help, Shift-Dir - straight line, f/p - ogre
Aim: an ogre, wielding a +0 giant club (lightly wounded, chance to affect: 83%)
You feel a surge of power!
You miscast Necrotise.
You are very lightly contaminated with residual magic.
Nothing appears to happen.
The centaur shouts!
The centaur wields a +0 shortbow.
The centaur shoots an arrow.
The arrow hits you!
* * * LOW HITPOINT WARNING * * *
The ogre barely misses you.
You hit the ogre.
The ogre is lightly wounded.
The centaur shoots an arrow.
The arrow hits you.
* * * LOW HITPOINT WARNING * * *
You closely miss the white imp.
The white imp is almost dead.
You hit the ogre but do no damage.
The centaur shoots an arrow.
The arrow hits you!
You die...

#............# #............#
#............# #............#
#........(..!# #.....†......# #
#............##########
.####...............#.....######
.........c.....@O...'...........
#.
#......#####..5...#......#.#..
.. #....[.# #......#......#.#..
..####....# #......#...........
.........## ##########.........
.........# ##>## #.......##
.........# 8...8 #####...#
.........# #.....# .....#
.........# 8.....8 .......


You could see an ogre, a centaur and a white imp.

Vanquished Creatures
  An orc priest (D:4)
  2 iguanas
  A hound zombie (D:4)
  2 adders
  A white imp (D:5)
  3 adder zombies (D:4)
  A worm (D:2)
  4 dart slugs
  4 orcs
  3 ball pythons
  5 endoplasms
  2 giant cockroaches
  2 goblins (D:2)
  8 hobgoblins
  6 jackals
  4 bats
  2 kobolds (D:4)
  3 rats
54 creatures vanquished.

Vanquished Creatures (collateral kills)
  An orc wizard (D:4)
  A ball python (D:1)
  A hobgoblin (D:1)
  A frilled lizard (D:2)
4 creatures vanquished.

Grand Total: 58 creatures vanquished

Notes
Turn   | Place    | Note
-------+----------+-------------------------------------------
     0 | D:1      | schternos the Mummy Necromancer began the quest for the
                  | Orb.
     0 | D:1      | Reached XP level 1. HP: 13/13 MP: 4/4
   262 | D:1      | Reached skill level 1 in Fighting
   292 | D:1      | Reached XP level 2. HP: 21/21 MP: 3/5
  1066 | D:1      | Gained mutation: You are in touch with the powers of death.
                  | [Mummy growth]
  1066 | D:1      | Reached XP level 3. HP: 27/27 MP: 4/7
  1790 | D:3      | Found a faded altar of an unknown god.
  1800 | D:3      | Identified the +9 ring mail of the Twelve Interlopers
                  | {Rampage rF++ Stlth-}
  2146 | D:4      | Reached XP level 4. HP: 25/34 MP: 8/8
  2198 | D:4      | Reached skill level 1 in Armour
  2249 | D:4      | Found a basalt altar of Yredelemnul.
  2420 | D:4      | Reached XP level 5. HP: 15/41 MP: 9/9
  2982 | D:5      | Entered Level 5 of the Dungeon
  2982 | D:5      | Noticed a centaur
  2982 | D:5      | Noticed a phantom
  3187 | D:5      | Noticed an ogre
  3218 | D:5      | Shot with an arrow by a centaur

Illustrated notes

Levels and vault maps discovered:
D:1:      wander_arrival_desolate, layout_basic, serial_bayou,
          serial_bayou_pond_c, serial_bayou_crossing, serial_bayou_pond_e,
          serial_bayou_ford_a, serial_bayou_pond_d, serial_bayou_shore_a,
          st_stairs_9
D:2:      layout_rooms, hangedman_glass_teeth
D:3:      layout_rooms, nicolae_ecumenical_pavilion, grunt_decor_cap,
          minmay_crystal_water
D:4:      layout_cave_pools, nicolae_yredelemnul_corpse_copse
D:5:      layout_basic, nicolae_overflow_hidden_temple,
          mainiacjoe_overflow_chevrons, st_stairs_13,
          hangedman_abyss_or_decor_lesser_grid,
          hangedman_abyss_or_decor_jellyfish_corner, nicolae_elevator_lobby_plus

Skill      XL: |  1  2  3  4 |
---------------+-------------+-----
Fighting       | 1 2 3 |  3.4
Spellcasting   | 3 |  3.2
Armour         | 2 |  2.6
Dodging        | |  1.5
Stealth        | |  1.5
Necromancy     | |  4.5

Action                   |  1- 3 |  4- 6 || total
-------------------------+-------+-------++-------
Melee: Unarmed           |     6 |       ||     6
       Hand axe          |    11 |    48 ||    59
       Punch             |       |     1 ||     1
 Cast: Necrotise         |    70 |    42 ||   112
  Use: Scroll            |     2 |     6 ||     8
Armor: Robe              |     7 |    16 ||    23
Dodge: Dodged            |    31 |    51 ||    82

Table legend: (Time is in decaauts)
 A = Elapsed time spent in this place.
 B = Non-inter-level travel time spent in this place.
 C = Inter-level travel time spent in this place.
 D = Time resting spent in this place.
 E = Time spent auto-exploring this place.
 F = Levels seen in this place.
 G = Mean time per level.
                   A        B        C        D        E       F      G
               +--------+--------+--------+--------+--------+-----+--------+
         Total |   3270 |   3213 |     57 |    438 |   2151 |   5 |  654.0 |
       Dungeon |   3270 |   3213 |     57 |    438 |   2151 |   5 |  654.0 |
               +--------+--------+--------+--------+--------+-----+--------+

Top non-repeatable levels by time:
     D:1: 1339 daAuts
     D:4: 1010 daAuts
     D:2: 486 daAuts
     D:3: 306 daAuts
     D:5: 128 daAuts
